 Dungeon Crawl Stone Soup version 0.30-a0-939-gc8157cb160 (webtiles) character file.

Game seed: 14628967166154295588

122 voltaire321 the Stinger (level 5, -1/33 HPs)
             Began as an Octopode Venom Mage on Mar 25, 2023.
             Killed by divine providence
             ... invoked by an orc priest
              (12 damage)
             ... on level 3 of the Dungeon.
             The game lasted 00:05:25 (2103 turns).

voltaire321 the Stinger (Octopode Venom Mage)       Turns: 2103, Time: 00:05:26

Health: -1/33      AC:  1    Str: 13    XL:     5   Next: 6%
Magic:  0/9        EV: 14    Int: 17    God:
Gold:   104        SH:  0    Dex: 15    Spells: 2/9 levels left

rFire   . . .      SeeInvis .    e - +0 dagger
rCold   . . .      Faith    .    (no shield)
rNeg    . . .      Spirit   .    (helmet restricted)
rPois   .          Reflect  .    (no amulet)
rElec   .          Rampage  .    c - +6 ring of strength
rCorr   .                        (no ring)
Will    .....                    (no ring)
Stlth   +++                      (no ring)
HPRegen 0.25/turn                (no ring)
MPRegen 0.11/turn                (no ring)
                                 (no ring)
                                 (no ring)

@: no status effects
A: almost no armour, amphibious, 8 rings, camouflage 1, gelatinous body 1,
(nimble swimmer 1), tentacles
a: no special abilities


You were on level 3 of the Dungeon.
You visited 1 branch of the dungeon, and saw 3 of its levels.

You collected 104 gold pieces.

Inventory:

Hand Weapons
 e - a +0 dagger (weapon)
Missiles
 o - a throwing net
Jewellery
 c - a +6 ring of strength (left tentacle)
Scrolls
 d - a scroll of vulnerability {unknown}
 f - a scroll of fear {unknown}
 i - a scroll of teleportation {unknown}
 k - a scroll of amnesia {unknown}
 m - a scroll of acquirement {unknown}
Potions
 a - a potion of magic
 b - 2 potions of curing {unknown}
 g - a potion of lignification {unknown}
 h - a potion of berserk rage {unknown}
 j - a potion of resistance {unknown}
 l - a potion of degeneration {unknown}
 n - 2 potions of flight {unknown}


   Skills:
 + Level 1.6 Fighting
 + Level 2.7 Dodging
 - Level 2.7 Stealth
 + Level 2.6 Spellcasting
 + Level 2.2 Transmutations
 + Level 0.3 Air Magic
 + Level 4.4 Poison Magic


You had 2 spell levels left.
You knew the following spells:

 Your Spells              Type           Power      Damage    Failure   Level
a - Sting                 Tmut/Pois      52%        1d5       4%          1
b - Poisonous Vapours     Pois/Air       20%        N/A       11%         2
c - Olgreb's Toxic Radia  Pois           17%        N/A       28%         4

Your spell library contained the following spells:

 Spells                   Type           Power      Damage    Failure   Level
 Mephitic Cloud           Conj/Pois/Air  7%         N/A       28%         3


Dungeon Overview and Level Annotations

Branches:
Dungeon (3/15)

Altars:

Annotations:
D:3 Grinder


Innate Abilities, Weirdness & Mutations

You cannot wear most types of armour.
You are amphibious.
You can wear up to eight rings at the same time.
Your skin changes colour to match your surroundings (Stealth+).
Your rubbery body absorbs attacks. (AC +1, EV +1)
((You are camouflaged when in or above water. (Stealth+)))
You have tentacles for arms and can constrict up to eight enemies at once.


Message History

Confirm with . or Enter, or press ? or * to list all spells.
You don't have enough magic to cast this spell.
The rat attacks as you move away! The rat completely misses you.
The orc priest looks more healthy.
The orc priest looks more healthy.
The orc priest looks braver for a moment.
You hit the rat. Your grab misses the rat. You squeeze the rat.
You kill the rat!
Aiming: Sting (safe; 4% risk of failure)
Press: ? - help, Q - select action, (/) - cycle Shift-Dir - straight line, f/p - orc priest
Aim: an orc priest, wielding a +0 mace and wearing a +0 leather armour (moderately wounded, 71% to hit)
The sting hits the orc priest but does no damage.
The orc priest is poisoned.
The orc priest is moderately wounded.
The orc priest invokes the aid of Beogh against you.
Pain shoots through your body!
Your magical contamination has completely faded away.
The orc priest invokes the aid of Beogh against you.
Pain shoots through your body!
* * * LOW HITPOINT WARNING * * *
You closely miss the orc priest. Your grab misses the orc priest.
The orc priest is moderately wounded.
The orc priest casts a cantrip, but nothing happens.
You hit the orc priest. You grab the orc priest. You squeeze the orc priest!
The orc priest is almost dead.
You constrict the orc priest, but do no damage.
You kill the orc priest!
You have reached level 5!
You feel agile.
Aiming: Sting (safe; 4% risk of failure)
Press: ? - help, Q - select action, (/) - cycle Shift-Dir - straight line, f - orc priest
Aim: an orc priest, wielding a +0 flail (moderately wounded, 71% to hit)
The sting hits the orc priest.
The orc priest is poisoned.
The orc priest is heavily wounded.
You closely miss the orc priest. You grab the orc priest.
The orc priest is heavily wounded.
You constrict the orc priest.
The orc priest calls down the wrath of Beogh upon you.
Beogh smites you!
You die...

######......###..#
#.......#.#.#
#.###.##....#
#.....##.#..#
#.######.#..# #.#
#.#..# #.# #.#..#
#.######.#..#
#.......@o..#
.###...o#.##
#.####.# #. #o# #
#o# #.## #..##
#.####.o.#
#....†..#


You could see an orc priest (poisoned) and an orc.

Vanquished Creatures
  An orc priest (D:3)
  3 gnolls (D:2)
  2 adders (D:2)
  A worm (D:2)
  A dart slug (D:1)
  3 bats (D:1)
  6 endoplasms
  2 giant cockroaches (D:1)
  4 goblins (D:2)
  3 hobgoblins
  3 kobolds
  3 ball pythons
  6 frilled lizards
  6 rats
44 creatures vanquished.

Notes
Turn   | Place    | Note
-------+----------+-------------------------------------------
     0 | D:1      | voltaire321 the Octopode Venom Mage began the quest for the
                  | Orb.
     0 | D:1      | Reached XP level 1. HP: 11/11 MP: 3/3
   195 | D:1      | Reached XP level 2. HP: 18/18 MP: 3/5
   916 | D:2      | Reached XP level 3. HP: 18/22 MP: 4/6
  1098 | D:2      | Reached skill level 4 in Poison Magic
  1238 | D:2      | Reached skill level 1 in Fighting
  1313 | D:2      | Reached XP level 4. HP: 5/28 MP: 0/7
  2009 | D:3      | Noticed Grinder
  2017 | D:3      | Learned a level 2 spell: Poisonous Vapours
  2022 | D:3      | Learned a level 4 spell: Olgreb's Toxic Radiance
  2102 | D:3      | Reached XP level 5. HP: 10/33 MP: 1/9
  2103 | D:3      | Killed from afar by an orc priest

Illustrated notes

Levels and vault maps discovered:
D:1:      wander_arrival_abandoned_jail, layout_loops_ring,
          grunt_decor_arrowhead
D:2:      layout_loops_corners
D:3:      layout_loops_ring, serial_glass, glass_columns_a, glass_columns_a,
          uniq_robin, uniq_grinder

Skill      XL: |  1  2  3  4 |
---------------+-------------+-----
Poison Magic   | 4 |  4.4
Fighting       | 1 |  1.6
Transmutations | 2 |  2.2
Dodging        | |  2.7
Stealth        | |  2.7
Spellcasting   | |  2.6
Air Magic      | |  0.3

Action                     |  1- 3 |  4- 6 || total
---------------------------+-------+-------++-------
  Melee: Unarmed           |    11 |       ||    11
         Tentacles         |    14 |     6 ||    20
         Constrict         |    12 |     6 ||    18
         Dagger            |    26 |    25 ||    51
         Punch             |       |     1 ||     1
   Cast: Sting             |    33 |    16 ||    49
         Poisonous Vapours |       |     2 ||     2
   Stab: Sleeping          |     1 |     1 ||     2
         Distracted        |       |     1 ||     1
 Armour: Skin              |     2 |       ||     2
  Dodge: Dodged            |    19 |    10 ||    29

Table legend: (Time is in decaauts)
 A = Elapsed time spent in this place.
 B = Non-inter-level travel time spent in this place.
 C = Inter-level travel time spent in this place.
 D = Time resting spent in this place.
 E = Time spent auto-exploring this place.
 F = Levels seen in this place.
 G = Mean time per level.
                   A        B        C        D        E       F      G
               +--------+--------+--------+--------+--------+-----+--------+
         Total |   2101 |   2054 |     47 |    251 |   1232 |   3 |  700.3 |
       Dungeon |   2101 |   2054 |     47 |    251 |   1232 |   3 |  700.3 |
               +--------+--------+--------+--------+--------+-----+--------+

Top non-repeatable levels by time:
     D:2: 1077 daAuts
     D:1: 883 daAuts
     D:3: 140 daAuts
